 Dungeon Crawl Stone Soup version 0.31.0-12-g77e489cdc1 (webtiles) character file.

Game seed: 384440002508798437

1506 EleventhPoet the Cleaver (level 8, 0/66 HPs)
             Began as a Minotaur Berserker on Mar 7, 2024.
             Was a Priest of Trog.
             Shot with an arrow by a centaur (1 damage)
             ... on level 5 of the Dungeon.
             The game lasted 00:26:40 (5932 turns).

EleventhPoet the Cleaver (Minotaur Berserker)       Turns: 5932, Time: 00:26:40

Health: 0/66       AC: 13    Str: 23    XL:     8   Next: 52%
Magic:  7/7        EV:  7    Int:  4    God:    Trog [***...]
Gold:   305        SH:  0    Dex: 11    Spells: 7/7 levels left

rFire   . . .        x - +2 flail (protect)
rCold   . . .        (no shield)
rNeg    . . .        u - +0 plate armour
rPois   .            (helmet restricted)
rElec   .            (no cloak)
rCorr   +            e - +0 pair of gloves
SInv    +            r - +0 pair of boots
Will    .....        (no amulet) Stlth
                     p - ring of see invisible
HPRegen 0.31/turn    t - ring of resist corrosion
MPRegen 0.10/turn

%: no passive effects
@: no status effects
A: horns 2, retaliatory headbutt
a: Renounce Religion, Berserk, Trog's Hand


You were on level 5 of the Dungeon.
You worshipped Trog.
Trog was most pleased with you.
You visited 1 branch of the dungeon, and saw 5 of its levels.

You collected 305 gold pieces.

Inventory:

Hand Weapons
 a - a +0 hand axe
 q - a +0 shortbow
 v - a +0 vampiric scythe
 x - a +2 flail of protection (weapon)
Missiles
 s - 2 throwing nets
Armour
 b - a +0 animal skin
 e - a +0 pair of gloves (worn)
 f - a +0 ring mail
 r - a +0 pair of boots (worn)
 u - a +0 plate armour (worn)
Jewellery
 o - a +6 ring of intelligence
 p - a ring of see invisible (left hand)
 t - a ring of resist corrosion (right hand)
Scrolls
 d - a scroll of fog (quivered)
 i - a scroll of noise
 m - 3 scrolls of amnesia
 w - a scroll of teleportation
Potions
 c - 3 potions of curing
 g - a potion of lignification
 h - a potion of attraction {unknown}
 j - a potion of enlightenment
 k - a potion of mutation {unknown}
 l - a potion of berserk rage {unknown}
 n - a potion of heal wounds {unknown}


   Skills:
 - Level 3.8 Fighting
 + Level 13.0 Axes
 - Level 2.6 Armour
 - Level 2.4 Dodging


You had 7 spell levels left.
You didn't know any spells.
Your spell library contained the following spells:

 Spells                   Type           Power      Damage    Failure   Level
 Scorch                   Fire           0%         2d5       100%        2
 Static Discharge         Conj/Air       0%         3-3/arc   100%        2
 Sublimation of Blood     Necr           0%         N/A       100%        2
 Airstrike                Air            0%         2d(0-16)  100%        4
 Flame Wave               Conj/Fire      0%         2d4       100%        4
 Petrify                  Alch/Erth      0%         N/A       100%        4
 Summon Lightning Spire   Summ/Air       0%         N/A       100%        4
 Irradiate                Conj/Alch      0%         3d11      100%        5
 Summon Cactus Giant      Summ           0%         N/A       100%        6


Dungeon Overview and Level Annotations

Branches:
Dungeon (5/15)
 Temple: D:4-7

Altars:
Dithmenos
Sif Muna

Shops:
D:1 (


Innate Abilities, Weirdness & Mutations

You have a pair of horns on your head.
You reflexively headbutt those who attack you in melee.


Message History

The water moccasin is severely wounded.
The water moccasin barely misses you. The water moccasin bites you.
A gnoll comes into view.
It is wielding a +0 club and quivering a throwing net.
You closely miss the water moccasin. You headbutt the water moccasin!
You kill the water moccasin!
Trog accepts your kill.
The centaur shoots an arrow.
The arrow hits you.
Your Axes skill increases to level 13!
The centaur unwields a +0 shortbow.
The centaur barely misses you. You furiously retaliate!
You headbutt the centaur!
The centaur kicks you but does no damage.
The gnoll hits you but does no damage. The centaur hits you.
The centaur kicks you but does no damage.
The gnoll hits you from afar with a +0 spear.
You closely miss the centaur.
The centaur is severely wounded.
The gnoll zaps a wand.
The roots erupt in riotous growth!
The centaur is unaffected.
The gnoll is unaffected. x2
The grasping roots grab you!
The gnoll is unaffected.
The grasping roots constrict you.
The centaur hits you but does no damage.
The centaur kicks you.
The gnoll hits you but does no damage. x2
You escape the roots grasp.
The centaur wields a +0 shortbow.
The centaur shoots an arrow.
The arrow barely misses you.
The centaur shoots an arrow.
The arrow hits you but does no damage.
The centaur shoots an arrow.
The arrow hits you.
* * * LOW HITPOINT WARNING * * *
The centaur shoots an arrow.
The arrow hits you.
* * * LOW HITPOINT WARNING * * *
The centaur shoots an arrow.
The arrow hits you!
* * * LOW HITPOINT WARNING * * *
The centaur shoots an arrow.
The arrow barely misses you.
The centaur shoots an arrow.
The arrow hits you.
* * * LOW HITPOINT WARNING * * *
The centaur shoots an arrow.
The arrow hits you.
* * * LOW HITPOINT WARNING * * *
The centaur shoots an arrow.
The arrow hits you.
* * * LOW HITPOINT WARNING * * *
The centaur shoots an arrow.
The arrow hits you.
You die... ............# ............+ <.........# #.......# #..g..# #ggg#

##c## #.# #@# ####
######.###...##
#...#...#.....# #
##.#............
#.
#§§.#.>..#.....#
#.#§#§#.#........#
.§§§_§§....######
#§#§#§##..#
#§§§###..#


You could see a centaur and 4 gnolls.

Vanquished Creatures
  Pikel (D:5)
  Sigmund (D:3)
  Edmund (D:5)
  A water moccasin (D:5)
  An ogre (D:4)
  A lemure (D:5)
  A scorpion (D:5)
  A jelly (D:5)
  3 orc priests
  3 hounds
  2 iguanas (D:5)
  2 orc wizards (D:4)
  Robin (D:2)
  3 gnolls (D:3)
  6 adders
  A dart slug (D:2)
  A ribbon worm (D:3)
  14 orcs
  3 bats
  9 endoplasms
  7 giant cockroaches
  8 hobgoblins
  3 jackals (D:1)
  7 kobolds
  6 quokkas
  9 ball pythons
  3 frilled lizards (D:1)
  11 goblins
  3 rats
113 creatures vanquished.

Notes
Turn   | Place    | Note
-------+----------+-------------------------------------------
     0 | D:1      | EleventhPoet the Minotaur Berserker began the quest for the
                  | Orb.
     0 | D:1      | Reached XP level 1. HP: 19/19 MP: 0/0
   170 | D:1      | Found Sibanul's Antique Weapon Shop.
   263 | D:1      | Reached XP level 2. HP: 25/27 MP: 1/1
   269 | D:1      | Reached skill level 4 in Axes
   808 | D:1      | Found a faded altar of an unknown god.
   937 | D:1      | Reached XP level 3. HP: 28/33 MP: 2/2
  1066 | D:2      | Reached ** piety under Trog
  1066 | D:2      | Noticed Robin
  1079 | D:2      | Reached skill level 5 in Axes
  1108 | D:2      | Killed Robin
  1183 | D:2      | Reached XP level 4. HP: 40/40 MP: 3/3
  1413 | D:2      | Reached skill level 6 in Axes
  2022 | D:2      | You fall into a shaft and drop 2 floors!
  2053 | D:4      | Reached XP level 5. HP: 35/46 MP: 4/4
  2144 | D:4      | Reached skill level 7 in Axes
  2464 | D:4      | Found a shimmering blue altar of Sif Muna.
  2615 | D:4      | Reached XP level 6. HP: 30/52 MP: 5/5
  2920 | D:4      | Reached skill level 8 in Axes
  4109 | D:3      | Reached *** piety under Trog
  4243 | D:3      | Reached skill level 9 in Axes
  4432 | D:3      | Noticed Sigmund
  4467 | D:3      | Killed Sigmund
  4468 | D:3      | Reached XP level 7. HP: 52/58 MP: 6/6
  4811 | D:5      | Entered Level 5 of the Dungeon
  4842 | D:5      | Noticed Edmund
  4853 | D:5      | Killed Edmund
  4854 | D:5      | Reached skill level 10 in Axes
  5088 | D:5      | Noticed Pikel
  5105 | D:5      | Killed Pikel
  5106 | D:5      | Reached skill level 12 in Axes
  5106 | D:5      | Reached XP level 8. HP: 36/66 MP: 7/7
  5885 | D:5      | Found a shadowy altar of Dithmenos.
  5924 | D:5      | Reached skill level 13 in Axes
  5931 | D:5      | HP: 1/66 [centaur/arrow (3)]
  5932 | D:5      | Shot with an arrow by a centaur

Illustrated notes

Levels and vault maps discovered:
D:1:      onia_arrival_pyramid, layout_loops_ring,
          shapermc_ecumenical_altar_hornbeckon, serial_shops,
          nicolae_shop_pleasant_corner_grove
D:2:      cheibrodos_pilgrimage, layout_loops_ring,
          hangedman_abyss_or_decor_stabs, minmay_tripent, uniq_robin
D:3:      layout_rooms, uniq_sigmund
D:4:      layout_loops_ring, kennysheep_orc_sif_temple, gup_sewer_entry_pipe
D:5:      layout_loops_corners, grunt_dithmenos_smoke_and_mirrors,
          chequers_temple_overflow_minitemple, uniq_crazy_yiuf_cottage,
          uniq_edmund, uniq_prince_ribbit1, uniq_pikel

Skill      XL: |  1  2  3  4  5  6  7  8 |
---------------+-------------------------+-----
Axes           | 4 5 6 7 9 12 13 | 13.0
Fighting       | |  3.8
Armour         | |  2.6
Dodging        | |  2.4

Action                     |  1- 3 |  4- 6 |  7- 9 || total
---------------------------+-------+-------+-------++-------
  Melee: Hand axe          |   100 |   145 |       ||   245
         Headbutt          |    17 |    13 |    12 ||    42
         Punch             |     2 |     3 |       ||     5
         Flail             |       |       |    69 ||    69
         Halberd           |       |       |     6 ||     6
    Use: Scroll            |       |     9 |       ||     9
         Potion            |       |     1 |       ||     1
 Armour: Animal skin       |    19 |       |       ||    19
         Ring mail         |    55 |    88 |       ||   143
         Plate armour      |       |    35 |    86 ||   121
  Dodge: Dodged            |    62 |    71 |    27 ||   160
